[ AOE2 MATCH · #505246851 ]
UnrankedGurjaras vs Vietnamese
Player's team · WIN
Rival team · LOSS
[ REPLAY ANALYSIS · EXTRACTED FROM THE RECORDED GAME ]
Feudal
8:25
Castle
19:25
Imperial
—
| APM avg | 88.0 |
| APM peak | 142 |
| eAPM avg | 55.6 |
| Villagers / military | 180 / 164 |
Focus
⚔️ 53.7% · 🌾 46.3%
Shrivamsha Rider ×88 · Scout Cavalry ×39 · Camel Scout ×15 · Armored Elephant ×10 · Monk ×6 · Scorpion ×5
Feudal
8:59
Castle
23:41
Imperial
39:05
| APM avg | 53.3 |
| APM peak | 97 |
| eAPM avg | 26.6 |
| Villagers / military | 108 / 119 |
Focus
⚔️ 47.6% · 🌾 52.4%
Archer ×51 · Monk ×11 · Spearman ×10 · Rattan Archer ×10 · Skirmisher ×9 · Battering Ram ×8
Match map
Initial resources + every placement click. Lines = walls · curves = elevation contours. ◆ gold · ⬟ stone · ● berries · ✦ relic · ◌ wall gap
Your base· Open — 5t gap
Eray_'s base· Open — unwalled flank
Smoothed initial terrain · ◌ = detected wall gap · hover for details
Inputs per minute
— SonyToprano - - Eray_
Build order — SonyToprano
First 150 of 573 actions detected
| 0:00 | Queue | Villager (Male) |
| 0:00 | Queue | Villager (Male) |
| 0:02 | Build | House |
| 0:03 | Build | House |
| 0:09 | Queue | Villager (Male) |
| 0:10 | Queue | Villager (Male) |
| 0:10 | Queue | Villager (Male) |
| 0:53 | Build | Mill |
| 1:39 | Queue | Villager (Male) |
| 1:55 | Queue | Villager (Male) |
| 2:03 | Build | House |
| 2:08 | Build | House |
| 2:24 | Queue | Villager (Male) |
| 2:45 | Queue | Villager (Male) |
| 3:10 | Queue | Villager (Male) |
| 3:38 | Queue | Villager (Male) |
| 3:39 | Queue | Villager (Male) |
| 3:43 | Queue | Villager (Male) |
| 4:09 | Queue | Villager (Male) |
| 4:09 | Queue | Villager (Male) |
| 4:42 | Queue | Villager (Male) |
| 4:42 | Queue | Villager (Male) |
| 5:00 | Queue | Villager (Male) |
| 5:39 | Build | Lumber Camp |
| 6:11 | Research | Feudal Age |
| 6:30 | Research | Loom |
| 7:26 | Build | Barracks |
| 8:25 | Age | Feudal Age |
| 8:27 | Build | Stable |
| 8:33 | Build | House |
| 8:37 | Research | Double-Bit Axe |
| 8:39 | Queue | Villager (Male) |
| 8:42 | Build | Farm |
| 8:45 | Build | Farm |
| 8:47 | Build | Farm |
| 8:51 | Queue | Villager (Male) |
| 8:57 | Queue | Villager (Male) |
| 8:58 | Build | House |
| 9:02 | Queue | Villager (Male) |
| 9:09 | Build | Farm |
| 9:14 | Build | Palisade Wall |
| 9:25 | Build | House |
| 9:27 | Build | Palisade Wall |
| 9:40 | Build | House |
| 9:55 | Build | Farm |
| 9:59 | Build | Farm |
| 10:03 | Build | Farm |
| 10:06 | Build | House |
| 10:10 | Queue | Villager (Male) |
| 10:23 | Queue | Villager (Male) |
| 10:29 | Build | Farm |
| 10:34 | Queue | Villager (Male) |
| 10:38 | Build | House |
| 10:39 | Build | Palisade Wall |
| 10:42 | Queue | Spearman |
| 10:45 | Queue | Villager (Male) |
| 10:55 | Build | Watch Tower |
| 11:04 | Build | Palisade Wall |
| 11:07 | Build | Palisade Wall |
| 11:30 | Queue | Villager (Male) |
| 11:51 | Queue | Villager (Male) |
| 11:55 | Build | Palisade Wall |
| 12:10 | Queue | Villager (Male) |
| 12:13 | Build | House |
| 12:18 | Build | Palisade Wall |
| 12:19 | Build | Palisade Wall |
| 12:26 | Queue | Villager (Male) |
| 12:29 | Build | Mining Camp |
| 12:41 | Build | Palisade Wall |
| 12:42 | Build | Palisade Wall |
| 12:44 | Queue | Villager (Male) |
| 12:55 | Queue | Villager (Male) |
| 13:17 | Build | Stable |
| 13:23 | Queue | Villager (Male) |
| 13:28 | Build | House |
| 13:38 | Queue | Villager (Male) |
| 13:39 | Queue | Villager (Male) |
| 13:43 | Build | Farm |
| 13:58 | Queue | Villager (Male) |
| 14:03 | Queue | Villager (Male) |
| 14:07 | Build | Market |
| 14:26 | Queue | Villager (Male) |
| 14:30 | Build | Mining Camp |
| 14:58 | Build | Watch Tower |
| 15:15 | Queue | Villager (Male) |
| 15:36 | Queue | Villager (Male) |
| 15:38 | Build | Farm |
| 15:41 | Queue | Villager (Male) |
| 15:44 | Build | Blacksmith |
| 16:10 | Build | Palisade Wall |
| 16:12 | Build | House |
| 16:30 | Research | Castle Age |
| 16:57 | Research | Fletching |
| 16:57 | Research | Fletching |
| 16:59 | Queue | Villager (Male) |
| 17:18 | Research | Horse Collar |
| 17:18 | Research | Horse Collar |
| 17:19 | Queue | Scout Cavalry |
| 17:40 | Queue | Scout Cavalry |
| 17:48 | Build | Farm |
| 17:51 | Build | Farm |
| 18:04 | Queue | Scout Cavalry |
| 18:24 | Queue | Scout Cavalry |
| 18:45 | Research | Scale Barding Armor |
| 19:12 | Build | Outpost |
| 19:21 | Queue | Villager (Male) |
| 19:25 | Age | Castle Age |
| 19:30 | Research | Light Cavalry (upgrade) |
| 19:35 | Build | Watch Tower |
| 19:44 | Build | Farm |
| 19:45 | Build | Farm |
| 19:47 | Build | Farm |
| 19:58 | Build | Farm |
| 20:21 | Build | House |
| 20:26 | Queue | Villager (Male) |
| 20:28 | Build | Farm |
| 20:30 | Queue | Scout Cavalry |
| 20:48 | Queue | Villager (Male) |
| 21:26 | Queue | Scout Cavalry |
| 21:26 | Queue | Villager (Male) |
| 21:30 | Build | Siege Workshop |
| 21:44 | Queue | Villager (Male) |
| 21:49 | Build | Farm |
| 21:52 | Queue | Villager (Male) |
| 22:03 | Queue | Villager (Male) |
| 22:07 | Queue | Scorpion |
| 22:26 | Queue | Villager (Male) |
| 22:33 | Queue | Villager (Male) |
| 22:37 | Build | Lumber Camp |
| 22:41 | Queue | Villager (Male) |
| 22:50 | Queue | Villager (Male) |
| 23:01 | Research | Bow Saw |
| 23:08 | Queue | Villager (Male) |
| 23:20 | Queue | Scorpion |
| 23:20 | Queue | Scorpion |
| 23:27 | Queue | Armored Elephant |
| 23:30 | Queue | Villager (Male) |
| 24:04 | Queue | Villager (Male) |
| 24:06 | Queue | Villager (Male) |
| 24:11 | Build | Town Center |
| 24:16 | Queue | Villager (Male) |
| 24:20 | Queue | Scout Cavalry |
| 24:23 | Build | House |
| 24:30 | Queue | Villager (Male) |
| 24:42 | Build | Outpost |
| 24:44 | Build | House |
| 24:51 | Queue | Villager (Male) |
| 24:56 | Build | Town Center |
| 25:00 | Queue | Scorpion |
| 25:15 | Queue | Villager (Male) |
Build order — Eray_
First 150 of 375 actions detected
| 0:01 | Queue | Villager (Male) |
| 0:01 | Queue | Villager (Male) |
| 0:01 | Queue | Villager (Male) |
| 0:02 | Queue | Villager (Male) |
| 0:02 | Build | House |
| 0:03 | Build | House |
| 1:27 | Queue | Villager (Male) |
| 1:27 | Queue | Villager (Male) |
| 1:53 | Build | Lumber Camp |
| 2:01 | Queue | Villager (Male) |
| 2:01 | Queue | Villager (Male) |
| 2:18 | Queue | Villager (Male) |
| 2:18 | Queue | Villager (Male) |
| 2:47 | Queue | Villager (Male) |
| 3:07 | Queue | Villager (Male) |
| 3:07 | Queue | Villager (Male) |
| 3:35 | Queue | Villager (Male) |
| 3:35 | Queue | Villager (Male) |
| 3:47 | Queue | Villager (Male) |
| 3:47 | Queue | Villager (Male) |
| 3:56 | Build | House |
| 4:24 | Queue | Villager (Male) |
| 4:27 | Queue | Villager (Male) |
| 4:27 | Queue | Villager (Male) |
| 4:40 | Build | Mill |
| 5:24 | Queue | Villager (Male) |
| 5:45 | Queue | Villager (Male) |
| 6:09 | Research | Loom |
| 6:09 | Research | Loom |
| 6:49 | Research | Feudal Age |
| 6:49 | Research | Feudal Age |
| 6:49 | Research | Feudal Age |
| 7:59 | Build | Barracks |
| 8:25 | Build | Palisade Wall |
| 8:28 | Build | Palisade Wall |
| 8:30 | Build | Palisade Wall |
| 8:39 | Build | House |
| 8:54 | Build | Palisade Gate |
| 8:59 | Age | Feudal Age |
| 9:01 | Queue | Spearman |
| 9:03 | Queue | Villager (Male) |
| 9:05 | Build | Archery Range |
| 9:11 | Queue | Villager (Male) |
| 9:23 | Queue | Spearman |
| 9:35 | Queue | Skirmisher |
| 9:44 | Queue | Villager (Male) |
| 9:48 | Build | House |
| 9:57 | Queue | Skirmisher |
| 10:02 | Queue | Spearman |
| 10:17 | Queue | Villager (Male) |
| 10:24 | Build | Watch Tower |
| 10:33 | Queue | Skirmisher |
| 10:36 | Queue | Villager (Male) |
| 10:41 | Build | House |
| 10:45 | Build | House |
| 11:04 | Queue | Villager (Male) |
| 11:06 | Build | Mill |
| 11:38 | Build | House |
| 11:39 | Queue | Villager (Male) |
| 11:41 | Build | House |
| 11:48 | Build | Mining Camp |
| 11:52 | Build | Palisade Wall |
| 11:54 | Build | Palisade Wall |
| 11:54 | Build | Palisade Wall |
| 11:54 | Build | Palisade Wall |
| 11:54 | Build | Palisade Wall |
| 11:55 | Build | Palisade Wall |
| 11:55 | Build | Palisade Wall |
| 11:55 | Build | Palisade Wall |
| 11:58 | Queue | Villager (Male) |
| 12:08 | Queue | Skirmisher |
| 12:11 | Queue | Villager (Male) |
| 12:12 | Build | Farm |
| 12:33 | Build | Farm |
| 12:35 | Build | Farm |
| 12:39 | Build | Farm |
| 12:54 | Queue | Villager (Male) |
| 12:55 | Queue | Villager (Male) |
| 13:00 | Build | Farm |
| 13:04 | Build | Farm |
| 13:06 | Build | Farm |
| 13:12 | Queue | Skirmisher |
| 13:28 | Build | Farm |
| 13:33 | Queue | Spearman |
| 13:45 | Build | Watch Tower |
| 13:54 | Queue | Spearman |
| 13:55 | Queue | Villager (Male) |
| 14:15 | Build | Blacksmith |
| 14:16 | Queue | Villager (Male) |
| 14:16 | Queue | Villager (Male) |
| 14:37 | Queue | Villager (Male) |
| 14:39 | Build | Farm |
| 14:46 | Queue | Spearman |
| 14:58 | Build | Palisade Wall |
| 14:59 | Build | Palisade Wall |
| 15:00 | Build | Palisade Wall |
| 15:06 | Research | Fletching |
| 15:06 | Research | Fletching |
| 15:09 | Build | Farm |
| 15:12 | Queue | Villager (Male) |
| 15:12 | Queue | Villager (Male) |
| 15:29 | Build | Mining Camp |
| 15:31 | Queue | Villager (Male) |
| 15:42 | Queue | Skirmisher |
| 16:02 | Queue | Skirmisher |
| 16:03 | Queue | Villager (Male) |
| 16:19 | Queue | Villager (Male) |
| 16:23 | Build | House |
| 16:27 | Queue | Skirmisher |
| 16:46 | Queue | Skirmisher |
| 16:47 | Research | Padded Archer Armor |
| 16:47 | Research | Padded Archer Armor |
| 16:48 | Queue | Villager (Male) |
| 16:51 | Queue | Archer |
| 17:14 | Queue | Villager (Male) |
| 17:28 | Queue | Archer |
| 17:29 | Queue | Villager (Male) |
| 17:31 | Build | House |
| 17:41 | Queue | Archer |
| 17:45 | Queue | Villager (Male) |
| 18:01 | Queue | Villager (Male) |
| 18:04 | Build | House |
| 18:10 | Build | Farm |
| 18:13 | Build | Farm |
| 18:41 | Build | Watch Tower |
| 18:54 | Queue | Villager (Male) |
| 19:09 | Queue | Archer |
| 19:12 | Queue | Villager (Male) |
| 19:16 | Build | Market |
| 19:17 | Queue | Archer |
| 19:43 | Queue | Spearman |
| 19:44 | Queue | Spearman |
| 20:25 | Queue | Villager (Male) |
| 20:39 | Build | Farm |
| 20:41 | Build | Farm |
| 21:01 | Research | Castle Age |
| 21:18 | Build | Farm |
| 21:19 | Build | Farm |
| 21:31 | Build | House |
| 21:36 | Build | Palisade Wall |
| 21:43 | Build | Palisade Wall |
| 21:48 | Queue | Archer |
| 21:50 | Research | Gold Mining |
| 21:51 | Research | Gold Mining |
| 22:35 | Queue | Archer |
| 22:52 | Queue | Villager (Male) |
| 23:02 | Build | Stable |
| 23:21 | Build | Palisade Wall |
| 23:24 | Research | Double-Bit Axe |
| 23:25 | Research | Double-Bit Axe |
Match timeline
| 7:26 | SonyToprano · first_building Barracks |
| 7:59 | Eray_ · first_building Barracks |
| 8:25 | Eray_ · wall_segment Palisade Wall x3 |
| 8:25 | SonyToprano · age_up feudal |
| 8:27 | SonyToprano · first_building Stable |
| 8:28 | Eray_ · wall_segment Palisade Wall x4 |
| 8:30 | Eray_ · wall_segment Palisade Wall x4 |
| 8:59 | Eray_ · age_up feudal |
| 9:05 | Eray_ · first_building Archery Range |
| 9:14 | SonyToprano · wall_segment Palisade Wall x1 |
| 9:27 | SonyToprano · wall_segment Palisade Wall x5 |
| 10:39 | SonyToprano · wall_segment Palisade Wall x5 |
| 11:04 | SonyToprano · wall_segment Palisade Wall x5 |
| 11:07 | SonyToprano · wall_segment Palisade Wall x6 |
| 11:52 | Eray_ · wall_segment Palisade Wall x1 |
| 11:54 | Eray_ · wall_segment Palisade Wall x1 |
| 11:54 | Eray_ · wall_segment Palisade Wall x2 |
| 11:54 | Eray_ · wall_segment Palisade Wall x3 |
| 11:54 | Eray_ · wall_segment Palisade Wall x2 |
| 11:55 | Eray_ · wall_segment Palisade Wall x2 |
| 11:55 | Eray_ · wall_segment Palisade Wall x1 |
| 11:55 | SonyToprano · wall_segment Palisade Wall x6 |
| 11:55 | Eray_ · wall_segment Palisade Wall x2 |
| 12:18 | SonyToprano · wall_segment Palisade Wall x1 |
| 12:19 | SonyToprano · wall_segment Palisade Wall x1 |
| 12:41 | SonyToprano · wall_segment Palisade Wall x1 |
| 12:42 | SonyToprano · wall_segment Palisade Wall x1 |
| 14:52 | SonyToprano · first_market_buy 100 stone |
| 14:58 | Eray_ · wall_segment Palisade Wall x1 |
| 14:59 | Eray_ · wall_segment Palisade Wall x1 |
| 15:00 | Eray_ · wall_segment Palisade Wall x1 |
| 16:10 | SonyToprano · wall_segment Palisade Wall x1 |
| 16:28 | SonyToprano · first_market_sell 100 wood |
| 19:25 | SonyToprano · age_up castle |
| 20:28 | Eray_ · first_market_buy 100 food |
| 21:30 | SonyToprano · first_building Siege Workshop |
| 21:36 | Eray_ · wall_segment Palisade Wall x1 |
| 21:43 | Eray_ · wall_segment Palisade Wall x1 |
| 23:02 | Eray_ · first_building Stable |
| 23:21 | Eray_ · wall_segment Palisade Wall x1 |
| 23:41 | Eray_ · age_up castle |
| 24:09 | Eray_ · first_building Monastery |
| 24:54 | Eray_ · first_building Siege Workshop |
| 25:22 | SonyToprano · first_building Monastery |
| 31:22 | SonyToprano · wall_segment Palisade Wall x8 |
| 33:25 | Eray_ · first_building Castle |
| 37:13 | Eray_ · first_market_sell 100 wood |
| 39:05 | Eray_ · age_up imperial |
| 40:04 | SonyToprano · first_building Castle |
| 46:04 | Eray_ · wall_segment Stone Wall x1 |
| 46:08 | Eray_ · wall_segment Stone Wall x1 |
| 46:10 | Eray_ · wall_segment Stone Wall x1 |
| 46:49 | Eray_ · resign |
[ AI ANALYSIS · 1 CREDIT ]
What really happened in this match?
Wolo.gg analyzes every decision: build order, eco, micro, common mistakes by bracket. Personalized analysis on WhatsApp or Discord in 30 seconds.
Civ guide
Gurjaras
Perfil
SonyToprano